[Event "Early-Titled-Tuesday-Blitz-October-10-2023"]
[Site "Chess.com"]
[Date "2023.10.10"]
[Round "7"]
[White "LeninGuerra"]
[Black "c63_amg"]
[Result "1/2-1/2"]
[WhiteElo "2597"]
[BlackElo "2805"]
[TimeControl "180+1"]
[EndTime "9:16:34 PDT"]
[Termination "Game drawn - insufficient material"]

1. e4 c5 2. Nf3 e6 3. b4 cxb4 4. a3 d5 5. exd5 Qxd5 6. axb4 Bxb4 7. Bb2 Nf6 8. Bd3 Nbd7 9. Ra4 a5 10. O-O O-O 11. Nc3 Qh5 12. Qa1 Rb8 13. Ne2 Qh6 14. c3 Nc5 15. cxb4 Nxd3 16. Bxf6 Qxf6 17. bxa5 Qxa1 18. Rfxa1 Bd7 19. Rd4 Bb5 20. Nc3 Ba6 21. Rb1 Rfd8 22. Rb6 Rxd4 23. Nxd4 Rc8 24. h3 Kf8 25.
Ndb5 Rc5 26. Nd6 Rxa5 27. Nxb7 Ra1+ 28. Kh2 Bxb7 29. Rxb7 Nxf2 30. Kg3 Nd3 31. Ne4 Ne5 32. d4 Ra3+ 33. Kh2 Nc6 34. Ng5 h6 35. Rxf7+ Kg8 36. Rc7 hxg5 37. Rxc6 Kf7 38. Rc7+ Kf6 39. Rc6 Rd3 40.
Rd6 Kf5 41. Rd7 g6 42. Rf7+ Ke4 43. Rf6 Kd5 44. Rxg6 Rxd4 45. Rxg5+ e5 46. Rg8 Rf4 47. Kg3 Rf7 48. Re8 e4 49. h4 Kd4 50. Kh3 e3 51. h5 Kd3 52. Kh4 e2 53. g4 Rf1 54.
Kg5 e1=Q 55. Rxe1 Rxe1 56. h6 Rh1 57. Kg6 Ke4 58. g5 Kf4 59. Kf6 Rh5 60. g6 Rxh6 61.
Kf7 Kf5 62. g7 Rf6+ 63. Ke8 Rg6 64. Kf7 Rf6+ 65. Ke8 Re6+ 66. Kf7 Ra6 67. g8=Q Ra7+ 68. Kf8 Ra8+ 69. Kg7 Rxg8+ 70. Kxg8 1/2-1/2

[Event "Early-Titled-Tuesday-Blitz-October-10-2023"]
[Site "Chess.com"]
[Date "2023.10.10"]
[Round "7"]
[White "VOneChess"]
[Black "kritipatel"]
[Result "1-0"]
[WhiteElo "2246"]
[BlackElo "2114"]
[TimeControl "180+1"]
[EndTime "9:16:35 PDT"]
[Termination "VOneChess won by checkmate"]

1. e4 e5 2. Nf3 Nc6 3. Bb5 a6 4. Ba4 Nf6 5. O-O b5 6. Bb3 Bc5 7. c3 d6 8. d4 Bb6 9. dxe5 Nxe5 10.
Nxe5 dxe5 11. Qxd8+ Kxd8 12. Bxf7 Rf8 13. Bd5 Nxd5 14. exd5 Bb7 15. Bg5+ Kd7 16. Na3 Bxd5 17. Rad1 Ke6 18. Nc2 Rf5 19. Bh4 Raf8 20. Bg3 Bc4 21. Rfe1 Bxf2+ 22. Bxf2 Rxf2 23. Nd4+ Ke7 24. Rxe5+ Kf6 25.
Re4 Rxb2 26. Rf4+ Ke7 27. Re1+ Kd6 28. Rxf8 Rxa2 29. Rd8+ Kc5 30. Re5+ Kb6 31. Rb8+ Ka5 32. Rb7 c5 33. Rxc5 Ra1+ 34. Kf2 Rf1+ 35. Kg3 Rf6 36. Rc6 Rf1 37. Rcb6 Bd5 38. Rd6 Bxb7 39. Nb3+ Ka4 40. Nc5+ Ka3 41. Nxb7 Rc1 42. Rxa6+ Kb3 43. Na5+ Kxc3 44.
Rc6+ Kd2 45. Nb3+ Kd3 46. Rxc1 b4 47. Rc7 h5 48. Rxg7 Kc2 49. Nc5 b3 50. Nxb3 Kxb3 51. Rh7 Kb2 52. Kh4 Kc3 53. Kxh5 Kb2 54. Rc7 Kb3 55.
g4 Kb2 56. g5 Kb1 57. g6 Kb2 58. g7 Ka2 59. g8=Q+ Ka3 60. Qc8 Kb2 61. Rb7+ Ka1 62.
Qa8# 1-0

[Event "Early-Titled-Tuesday-Blitz-October-10-2023"]
[Site "Chess.com"]
[Date "2023.10.10"]
[Round "7"]
[White "motivated_bishop"]
[Black "lamomiajunior"]
[Result "1-0"]
[WhiteElo "2482"]
[BlackElo "2687"]
[TimeControl "180+1"]
[EndTime "9:16:37 PDT"]
[Termination "motivated_bishop won by resignation"]

1. e4 c6 2. d4 d5 3. Nc3 dxe4 4. Nxe4 Nf6 5. Nxf6+ exf6 6. c3 Bd6 7. Bd3 O-O 8. Qc2 Re8+ 9. Ne2 h5 10. Be3 Nd7 11. O-O-O Nf8 12. Kb1 Be6 13. c4 Rc8 14. Nc3 Bb4 15. Ne4 Ng6 16. c5 Qd5 17. b3 Rcd8 18. Nd6 Qxg2 19. Rhg1 Qh3 20. Bxg6 fxg6 21. Qxg6 Re7 22. Qxf6 Rdd7 23. Rg3 Qxg3 24. Qxe6+ Rxe6 25. hxg3 Ba5 26. Kc2 Bd8 27. Rh1 g6 28. Kd3 Be7 29.
Ne4 Rd5 30. b4 Kf7 31. f3 Rf5 32. Rf1 g5 33. a4 Kg6 34. Ke2 g4 35. Nd2 Bg5 36. f4 Bf6 37. Kd3 h4 38. gxh4 Bxh4 39. Rg1 Kh5 40. Nc4 g3 41. Ne5 Rf8 42. Ke4 Ree8 43.
Rh1 Rg8 44. f5 g2 45. Rg1 Bf6 46. Bf4 Kh4 47. Kf3 Kh3 48. Ng6 Rxg6 49. fxg6 Kh4 50. Rxg2 Kh5 51. g7 Rg8 52. Be5 Bh4 53. Ke4 Be7 54. Kf5 Bh4 55. Ke6 Re8+ 56. Kf7 Re7+ 57. Kf8 Rd7 58. g8=Q Rd8+ 59. Kf7 Rd7+ 60. Ke6 Re7+ 61.
Kf5 1-0

[Event "Early-Titled-Tuesday-Blitz-October-10-2023"]
[Site "Chess.com"]
[Date "2023.10.10"]
[Round "7"]
[White "Austen48"]
[Black "Henryk_S"]
[Result "1-0"]
[WhiteElo "2270"]
[BlackElo "2143"]
[TimeControl "180+1"]
[EndTime "9:16:41 PDT"]
[Termination "Austen48 won on time"]

1. d4 d5 2. c4 c6 3. Nf3 e6 4.
Qc2 Nf6 5. g3 Be7 6. Bg2 O-O 7.
Nbd2 b6 8. O-O Bb7 9. e4 dxe4 10. Nxe4 Nbd7 11. Rd1 Rc8 12. Ne5 Nxe4 13. Bxe4 Nf6 14. Bg2 Qc7 15. Bf4 Bd6 16. Re1 Rfd8 17. c5 bxc5 18.
dxc5 Bxe5 19. Bxe5 Qe7 20. Bd6 Qe8 21. Qa4 Ra8 22.
Rad1 Nd5 23. Rd3 h6 24. Rb3 Rd7 25. Be4 Qc8 26. Bc2 Ba6 27. Qe4 Nf6 28. Qh4 Qd8 29. Qa4 Bb5 30. Qd4 a5 31. a4 Ba6 32. Rb6 Bb7 33. Qd3 Rxd6 34. Qxd6 Qxd6 35. cxd6 Ba6 36. Rd1 Bc4 37. Rxc6 Bd5 38. Rc7 Rd8 39. Ra7 g6 40.
Rxa5 Rxd6 41. b4 Rb6 42. Rb5 Rc6 43. Bb1 Rc3 44. a5 Kg7 45. a6 Ra3 46. Ra5 Rb3 47. b5 Nd7 48. Ba2 Rb4 49. Bxd5 exd5 50. Rxd5 Nb6 51.
Rc5 Nc4 52. a7 Rb1+ 53. Kg2 Nb6 54. Ra6 Na8 55. Rc8 Rxb5 56. Rxa8 Rb7 57. Rb8 Rxa7 58. Rxa7 h5 59. Rbb7 h4 60. Rxf7+ Kh6 61. Rh7+ Kg5 62. f4+ Kf5 63. Ra5+ Ke4 64. Rxh4 Ke3 65. Rg4 Ke4 66. Rxg6 1-0

[Event "Early-Titled-Tuesday-Blitz-October-10-2023"]
[Site "Chess.com"]
[Date "2023.10.10"]
[Round "7"]
[White "Oleksandr_Bortnyk"]
[Black "frederiksvane"]
[Result "0-1"]
[WhiteElo "3045"]
[BlackElo "2911"]
[TimeControl "180+1"]
[EndTime "9:16:42 PDT"]
[Termination "frederiksvane won on time"]

1. d4 e6 2. Nc3 d5 3. Bf4 Bb4 4. e3 c5 5. dxc5 Nf6 6. Bd3 Nbd7 7. Nf3 Nxc5 8. O-O Bxc3 9. bxc3 O-O 10. c4 Nxd3 11.
cxd3 dxc4 12. dxc4 Qa5 13. Qc2 b6 14. Bd6 Re8 15.
Rfd1 Bb7 16. Nd4 Rac8 17. Rac1 Qg5 18. Bg3 Ne4 19. Nb5 a6 20. Nd6 Nxd6 21. Rxd6 Bd5 22.
Qe2 b5 23. h4 Qf5 24. c5 Bc4 25. Qf3 Qxf3 26. gxf3 a5 27. c6 Bxa2 28. c7 Bc4 29.
Ra6 e5 30. Rxa5 Rxc7 31. Bxe5 Rb7 32. Bd4 f6 33. Kg2 Bf7 34. Rca1 b4 35. Ra8 b3 36.
Rxe8+ Bxe8 37. Ra8 Kf7 38. Bb2 Bd7 39. e4 h5 40. Ra5 Kg6 41. f4 Bc6 42. f5+ Kf7 43.
f3 Bd7 44. Kg3 Rc7 45. Rd5 g6 46. fxg6+ Kxg6 47. Rd6 Rc2 48. Rxf6+ Kh7 49. Rf7+ Kg6 50. Rg7+ Kh6 51. Rxd7 Rxb2 52. Rd6+ Kg7 53. Rb6 Rb1 54. Kf4 b2 55. e5 Kf7 56. Rb7+ Ke6 57. Rb5 Ke7 58.
Rb3 Ke6 59. Rb4 Ke7 60. Rb6 Kf7 61. e6+ Ke7 62. Kf5 Rf1 63. Rb7+ Kd6 64. Rb6+ Ke7 65. Rb7+ Kd6 66. e7 Rxf3+ 67. Ke4 Rf1 0-1

[Event "Early-Titled-Tuesday-Blitz-October-10-2023"]
[Site "Chess.com"]
[Date "2023.10.10"]
[Round "7"]
[White "djano"]
[Black "Krakozia"]
[Result "0-1"]
[WhiteElo "2674"]
[BlackElo "2994"]
[TimeControl "180+1"]
[EndTime "9:16:42 PDT"]
[Termination "Krakozia won on time"]

1. e4 c5 2. Nc3 e6 3. f4 Nc6 4. Nf3 d5 5. Bb5 Ne7 6. exd5 Nxd5 7. Ne5 Bd7 8. Bxc6 Bxc6 9. Nxc6 bxc6 10. O-O Be7 11.
Qf3 O-O 12. b3 Nb4 13. Qd1 Qd4+ 14. Kh1 Rad8 15. a3 Nd5 16. Bb2 Nxf4 17. Qf3 Ng6 18. d3 Qd7 19. Rae1 Bh4 20. Re2 Bf6 21. Na4 Bxb2 22. Nxb2 e5 23. Nc4 f6 24. Qf2 Qd4 25. Re4 Qxf2 26. Rxf2 Rd4 27. Re1 Nf4 28. Kg1 Ne6 29. g3 Rd7 30. Ref1 Rfd8 31. Na5 Rc7 32. Kg2 Nd4 33. Nc4 h5 34. Re1 Kh7 35. Kh3 Kg6 36.
Kg2 Nb5 37. h3 Nd6 38. Nd2 a5 39. a4 Rb7 40. Ne4 Nxe4 41. Rxe4 Rd4 42. Re3 Rbd7 43. Rfe2 Kg5 44. Rf2 Rb4 45. Ref3 Kg6 46. Re3 Rbd4 47. Kh2 R4d5 48. Kg2 Kf7 49. Re4 Ke6 50. Rc4 Rb7 51. Rh4 g6 52. Re4 Rb4 53. Re3 f5 54. Rfe2 Rbd4 55.
Kh2 h4 56. Rg2 Kf6 57. gxh4 Rxh4 58. Reg3 Rh6 59. Rf3 f4 60. Re2 Kf5 61. Re4 g5 62. Kg2 Rd7 63. Rc4 Rdh7 64. Rxc5 g4 65. hxg4+ Kxg4 66.
Rf2 Rh1 0-1

[Event "Early-Titled-Tuesday-Blitz-October-10-2023"]
[Site "Chess.com"]
[Date "2023.10.10"]
[Round "7"]
[White "chessfatbear"]
[Black "ExchangeAB"]
[Result "1-0"]
[WhiteElo "2805"]
[BlackElo "2499"]
[TimeControl "180+1"]
[EndTime "9:16:43 PDT"]
[Termination "chessfatbear won by resignation"]

1. e4 c6 2. Nf3 d5 3. Nc3 Bg4 4.
h3 Bxf3 5. Qxf3 e6 6. d4 Nd7 7. Bd3 dxe4 8. Nxe4 Ngf6 9. O-O Nxe4 10. Qxe4 Nf6 11.
Qe3 Be7 12. c3 O-O 13. Re1 Rc8 14. Qg3 Bd6 15. Qh4 Be7 16. Bg5 g6 17. Qh6 Nd5 18.
Bd2 Bf6 19. Re4 Bg7 20. Qg5 Qxg5 21. Bxg5 c5 22. dxc5 Rxc5 23. Rc4 Rfc8 24. Rxc5 Rxc5 25. Bd2 Rc8 26. Kf1 Be5 27. g3 Bd6 28. Ke2 f5 29.
c4 Nb4 30. Bxb4 Bxb4 31. a3 Be7 32. b4 e5 33. c5 e4 34. Bc4+ Kf8 35. Rd1 Rd8 36. Bd5 Rd7 37. g4 fxg4 38. hxg4 Bg5 39. a4 Ke7 40. a5 Bf4 41. Bxe4 Rxd1 42. Kxd1 b6 43. cxb6 axb6 44. a6 Bb8 45. g5 b5 46. Ke2 Kd6 47. f4 Kc7 48. Bd5 Kb6 49. Kf3 Bd6 50. Bg8 Bxb4 51. Bxh7 Kxa6 52. Bxg6 Kb6 53.
f5 Kc7 54. f6 Kd8 55. Kg4 Bc3 56. Bd3 Ke8 57. Bxb5+ Kf7 58. Kf5 Ba1 59. g6+ Kg8 60.
Bc4+ Kh8 61. g7+ 1-0

[Event "Early-Titled-Tuesday-Blitz-October-10-2023"]
[Site "Chess.com"]
[Date "2023.10.10"]
[Round "7"]
[White "Wizard_97"]
[Black "Eagle_2019"]
[Result "0-1"]
[WhiteElo "2573"]
[BlackElo "2731"]
[TimeControl "180+1"]
[EndTime "9:16:44 PDT"]
[Termination "Eagle_2019 won by checkmate"]

1. e4 c5 2. Nf3 Nc6 3. d4 cxd4 4. Nxd4 Nf6 5. Nc3 e6 6. Nxc6 bxc6 7. e5 Nd5 8. Ne4 Bb7 9. Be2 c5 10. O-O Qc7 11.
c4 Ne3 12. Nd6+ Bxd6 13. exd6 Qc6 14. Bf3 Nxd1 15. Bxc6 Bxc6 16. Rxd1 h5 17. Be3 h4 18. Bxc5 h3 19. g3 a5 20. a3 a4 21. Rd4 Rb8 22. Bb4 Rh5 23. Re1 f6 24. Re3 Kf7 25. f4 f5 26. Rd2 Rg8 27. Rf2 g5 28. Re5 gxf4 29. Rxf4 Rxg3+ 30. Kf1 Rg2 31. Rf2 Rh4 32. Re3 Rxc4 33.
Rxh3 Rc1+ 34. Be1 Rxf2+ 35. Kxf2 Rc2+ 36. Ke3 Rxb2 37. Kf4 Re2 38. Re3 Rxh2 39. Bc3 Rh4+ 40. Ke5 f4 41. Re1 f3 42. Bd4 Rh5+ 43. Kf4 Rf5+ 44.
Kg3 Rg5+ 45. Kh4 Rd5 46. Bc3 Rxd6 47. Kg3 Rd3 48. Bb4 Kf6 49. Kf2 Kf5 50. Rc1 e5 51. Rc5 Rb3 52. Bc3 Rxa3 53. Rxe5+ Kg4 54. Bd2 Ra2 55. Ke1 f2+ 56. Kxf2 Rxd2+ 57. Ke3 Rd5 58. Re8 Kf5 59. Rb8 Rb5 60. Rf8+ Ke5 61. Kd3 Rb3+ 62. Kc4 Bd5+ 63. Kc5 d6# 0-1

[Event "Early-Titled-Tuesday-Blitz-October-10-2023"]
[Site "Chess.com"]
[Date "2023.10.10"]
[Round "7"]
[White "Herman-NY"]
[Black "PatzerSmashers"]
[Result "1-0"]
[WhiteElo "2536"]
[BlackElo "2423"]
[TimeControl "180+1"]
[EndTime "9:16:48 PDT"]
[Termination "Herman-NY won by checkmate"]

1. e4 c5 2. Nf3 d6 3. d4 cxd4 4. Nxd4 Nf6 5. Nc3 a6 6. Bc4 e6 7.
a3 b5 8. Ba2 Be7 9. Qe2 Qc7 10.
g4 Nc6 11. Be3 O-O 12. g5 Nd7 13. f4 Nxd4 14. Bxd4 Bb7 15. O-O-O e5 16. Be3 exf4 17. Bxf4 Ne5 18. Nd5 Bxd5 19. Bxd5 Rab8 20. Kb1 a5 21. h4 a4 22. Bxe5 dxe5 23. c3 Kh8 24. Rh3 f6 25. g6 h6 26. Qh5 Qc5 27. Rf3 Rfc8 28. Rfd3 Rd8 29. Qf3 Bf8 30. h5 Be7 31. R1d2 Rd6 32. Qd1 Rbd8 33. Ka2 Qc7 34. Qg4 Qc5 35.
Qf3 Qc7 36. Kb1 Qc5 37. Qd1 Qb6 38. Ba2 Rxd3 39. Rxd3 Qc7 40. Rd5 Re8 41. Qd3 Qc8 42.
Qxb5 Rf8 43. Qxa4 Qh3 44. Qd1 Qg2 45. Qd3 Qh1+ 46. Kc2 Qxh5 47. Bc4 Qh2+ 48. Kb3 Qg1 49. a4 Rb8+ 50. Bb5 Qa7 51. Rd7 Qc5 52. Qd5 Qxd5+ 53. exd5 Bf8 54. Rc7 Rd8 55. Kc4 Bd6 56. Rd7 Rc8+ 57.
Kd3 Bb8 58. a5 f5 59. a6 e4+ 60. Ke3 Ba7+ 61. Rxa7 Rb8 62. Re7 f4+ 63. Kxe4 h5 64. Kxf4 Rf8+ 65. Rf7 h4 66. Rxf8# 1-0

[Event "Early-Titled-Tuesday-Blitz-October-10-2023"]
[Site "Chess.com"]
[Date "2023.10.10"]
[Round "7"]
[White "Itk04"]
[Black "FontVella8"]
[Result "1/2-1/2"]
[WhiteElo "2749"]
[BlackElo "2627"]
[TimeControl "180+1"]
[EndTime "9:16:52 PDT"]
[Termination "Game drawn - insufficient material"]

1. b3 d5 2. Bb2 Nf6 3. g3 g6 4.
Bg2 Bg7 5. Nf3 O-O 6. O-O c5 7.
e3 Qc7 8. c4 dxc4 9. bxc4 Nc6 10. d4 Rd8 11. Nbd2 Bf5 12. Qe2 Ne4 13. Nb3 a5 14.
Rfd1 a4 15. Nxc5 a3 16. Nxe4 axb2 17. Rab1 Bxe4 18. Rxb2 e5 19. Rbd2 exd4 20. Nxd4 Bxg2 21. Kxg2 Nxd4 22. exd4 Ra4 23. Rc2 Bxd4 24. Rxd4 Qc6+ 25.
Rd5 Rxd5 26. cxd5 Qxd5+ 27. Qf3 Qxf3+ 28. Kxf3 Ra3+ 29. Ke4 Kg7 30. Ke5 h5 31. h4 Ra6 32.
Rb2 Re6+ 33. Kd4 b6 34. a4 Kf6 35. Kd5 Kf5 36. Rb4 Kf6 37. Rf4+ Ke7 38. Kc4 Re5 39.
Kb4 Ke6 40. Rc4 Kf5 41. Rc6 Kg4 42. Rf6 Re4+ 43. Kb5 Rd4 44. Rf4+ Rxf4 45. gxf4 Kxf4 46. Kxb6 g5 47. a5 g4 48. a6 Kf3 49. a7 Kxf2 50.
a8=Q g3 51. Qa2+ Kg1 52. Qxf7 g2 53. Qf3 Kh2 54. Qe2 Kh1 55. Qf3 Kh2 56. Qf4+ Kh1 57. Qe4 Kh2 58. Qe5+ Kh1 59. Qd5 Kh2 60. Qxh5 g1=Q+ 61. Qc5 Qb1+ 62. Kc7 Qh7+ 63. Kb6 Qxh4 64. Qc2+ Kh3 65.
Qd3+ Qg3 66. Qh7+ Kg2 67. Qb7+ Qf3 68. Qc6 Kf2 69. Qxf3+ Kxf3 1/2-1/2

[Event "Early-Titled-Tuesday-Blitz-October-10-2023"]
[Site "Chess.com"]
[Date "2023.10.10"]
[Round "7"]
[White "Andrei_Skvortsov"]
[Black "sergoy"]
[Result "0-1"]
[WhiteElo "2693"]
[BlackElo "3000"]
[TimeControl "180+1"]
[EndTime "9:16:56 PDT"]
[Termination "sergoy won by resignation"]

1. e4 c6 2. c4 g6 3. d4 Bg7 4.
Nc3 d6 5. h3 Nd7 6. Nf3 e5 7.
Be3 Ngf6 8. g4 O-O 9. Bg2 b6 10. O-O Ba6 11. b3 b5 12. d5 cxd5 13. cxb5 d4 14. bxa6 dxe3 15. fxe3 Qb6 16. Qe2 Nc5 17. Nd2 h6 18. Rad1 Rad8 19. Rxf6 Bxf6 20. Nd5 Qa5 21.
Nc4 Qxa6 22. Nxf6+ Kg7 23. Nd5 Ne6 24. Rf1 f6 25. h4 Rf7 26. Qe1 Qxa2 27. Qc3 Qa6 28.
Ra1 Qc8 29. Qb4 Nc5 30. Bf3 Rb7 31. Qc3 Nxb3 32. Rb1 Nc5 33. Rxb7+ Nxb7 34. Qb4 Nc5 35. h5 gxh5 36. Ne7 Qb8 37. Nf5+ Kh7 38. Qa5 Rg8 39. Ncxd6 hxg4 40. Bd1 Qb1 41. Qc7+ Kh8 42. Nf7+ Kh7 43. Nxe5+ Kh8 44. Nf7+ Kh7 45. N7xh6+ Kh8 46. Qd6 Nxe4 47. Qd4 Rf8 48. Kg2 Kh7 49. Bxg4 Qc2+ 50. Kf3 Ng5+ 51. Kg3 Qc7+ 52. Qf4 Qxf4+ 53. exf4 Nf7 54. Nxf7 Rxf7 55. Nd6 Rc7 56. Bf5+ Kg8 57. Be6+ Kf8 58. Nb5 Rb7 59. Nd4 a5 60. Nc2 Rc7 61. Nd4 a4 62. f5 a3 63.
Nb5 Rc2 64. Kf4 a2 65. Bxa2 Rxa2 66. Nc7 Ke7 67. Ne6 Ra4+ 68. Ke3 Kd6 69. Nd4 Ke5 70. Nf3+ Kxf5 71. Nd4+ Rxd4 72. Kxd4 Kf4 0-1

[Event "Early-Titled-Tuesday-Blitz-October-10-2023"]
[Site "Chess.com"]
[Date "2023.10.10"]
[Round "7"]
[White "MikeSailer"]
[Black "chenrip"]
[Result "0-1"]
[WhiteElo "2144"]
[BlackElo "2491"]
[TimeControl "180+1"]
[EndTime "9:16:58 PDT"]
[Termination "chenrip won on time"]

1. d4 d5 2. Bg5 c6 3. c3 Qb6 4.
Qb3 Nd7 5. Nf3 f6 6. Bf4 g5 7.
Bg3 h5 8. h3 Bg7 9. e3 Nh6 10.
Nbd2 Nf5 11. Qxb6 axb6 12. Bc7 g4 13. hxg4 hxg4 14. Rxh8+ Bxh8 15. Ng1 b5 16. Bd3 Nf8 17. a3 e5 18. dxe5 fxe5 19. g3 Kf7 20. O-O-O Ke6 21. Ne2 Ng6 22. Bd8 e4 23. Bc2 Bd7 24. Bg5 Be5 25.
Rh1 Rh8 26. Rxh8 Bxh8 27. Bf4 c5 28. b3 Nxf4 29. gxf4 g3 30. Nxg3 Nxg3 31. fxg3 Bxc3 32. g4 Kf7 33. Nf1 Bxg4 34. Ng3 Kg6 35. a4 bxa4 36.
bxa4 b6 37. Bb3 Be6 38. Nxe4 Bb4 39. Nd6 Bg4 40. Nc8 Bxc8 41. Bxd5 Bf5 42. e4 Bg4 43. Kc2 Kf6 44. Kd3 Bh3 45. Kc4 Bf1+ 46. Kb3 Bd2 47. f5 Ke5 48. Kc2 Bb4 49. Kb3 Be2 50.
Kc2 Bf3 51. Kd3 Bg2 52. Bc6 Bf1+ 53. Ke3 Bc3 54. Bd5 Bd4+ 55. Kf3 Bd3 56. Bc6 Bc2 57. Bb5 Bb3 58. Bc6 Bc2 59. Bd5 Bxa4 60. Kg4 Bc2 61. Kg5 Bxe4 62. f6 Bxd5 0-1

[Event "Early-Titled-Tuesday-Blitz-October-10-2023"]
[Site "Chess.com"]
[Date "2023.10.10"]
[Round "7"]
[White "LaPiToB"]
[Black "noblerone"]
[Result "1-0"]
[WhiteElo "2306"]
[BlackElo "2449"]
[TimeControl "180+1"]
[EndTime "9:17:01 PDT"]
[Termination "LaPiToB won on time"]

1. d4 d5 2. c4 c6 3. Nc3 Nf6 4.
cxd5 cxd5 5. Bf4 Nc6 6. e3 a6 7. Be2 Bf5 8. g4 Bg6 9. h4 h5 10. g5 Ne4 11. Nxe4 Bxe4 12. Bf3 Bxf3 13. Nxf3 g6 14. Qb3 Na5 15. Qd3 Bg7 16. Rc1 Rc8 17. O-O O-O 18. Kg2 Qd7 19. Ne5 Bxe5 20. Bxe5 Nc4 21.
Bg3 Nxb2 22. Qb3 Nc4 23. Rfd1 b5 24. a4 bxa4 25. Qb4 a3 26. Ra1 Rfe8 27. Rd3 Qb5 28. Qe1 Qc6 29. Rc3 a5 30. Raxa3 Qe6 31. Ra1 Ra8 32. Qe2 Qe4+ 33. Qf3 Qxf3+ 34. Kxf3 e6 35. Rb3 a4 36. Rb7 a3 37. Ra2 Ra6 38. Bf4 Rea8 39. Bc7 Rc8 40. Kf4 Rc6 41. Be5 Ra6 42.
Bf6 Rca8 43. Rb3 Rb6 44. Rxb6 Nxb6 45. Be7 Nc4 46. Bc5 Kg7 47. f3 f6 48. gxf6+ Kxf6 49. e4 Kf7 50. e5 Rb8 51. Kg5 Rb2 52. Ra1 Rg2+ 53. Kh6 a2 54. Bb4 Rb2 55. Bc3 Rc2 56. Bb4 Rf2 57. Bc3 Rxf3 58. Be1 Re3 59. Bb4 Re2 60.
Bc5 Rd2 61. Rf1+ Ke8 62. Rf8+ Kd7 63. Ra8 Kc6 64. Kxg6 Rf2 65. Kxh5 Kb7 66. Ra7+ Kb8 67. Kg6 Rg2+ 68. Kf7 Rh2 69. Kxe6 Rxh4 70. Kxd5 Ne3+ 71.
Kc6 Rh6+ 72. Kb5 Nc2 73. Rxa2 1-0

[Event "Early-Titled-Tuesday-Blitz-October-10-2023"]
[Site "Chess.com"]
[Date "2023.10.10"]
[Round "7"]
[White "FoxOnTheRun97"]
[Black "queen_iryna"]
[Result "1-0"]
[WhiteElo "2530"]
[BlackElo "2328"]
[TimeControl "180+1"]
[EndTime "9:17:04 PDT"]
[Termination "FoxOnTheRun97 won by resignation"]

1. d4 d6 2. c4 e5 3. dxe5 dxe5 4. Qxd8+ Kxd8 5. Nc3 c6 6. Nf3 f6 7. Be3 Be6 8. Nd2 Nd7 9. h3 Kc7 10. O-O-O a5 11.
g4 Ne7 12. f4 Nc8 13. Bg2 Ncb6 14. b3 a4 15. Kb2 axb3 16. axb3 Ba3+ 17. Kc2 Bc5 18.
Bxc5 Nxc5 19. fxe5 fxe5 20. Nde4 Nxe4 21. Bxe4 Nd7 22. Ra1 Nc5 23. Bf5 Rxa1 24. Rxa1 g6 25. Bxe6 Nxe6 26. Rf1 Nd4+ 27. Kb2 Rd8 28. e3 Ne6 29. Ne4 Rd7 30. Kc3 Kb6 31. b4 Kc7 32. c5 b6 33. Rf6 Nd8 34. cxb6+ Kxb6 35. Nc5 Rf7 36. g5 Ra7 37. Nd3 Ra3+ 38. Kc4 Nb7 39. Nxe5 Rxe3 40. Rxc6+ Ka7 41. Re6 Rxh3 42. Nc6+ Kb6 43.
Nd4+ Kc7 44. Re7+ Kc8 45. b5 Nd6+ 46. Kd5 Nf5 47. Nxf5 gxf5 48. Rf7 Rb3 49. Kc6 Rc3+ 50. Kb6 Rg3 51. Rxf5 Rh3 52. Rf8+ Kd7 53. Kb7 Rh5 54. Rg8 Rh1 55. b6 Kd6 56. Kb8 Kc6 57. b7 Rb1 58. Rc8+ Kd7 59. Rf8 Kc6 60. Rf6+ Kd7 61. Rh6 Rb5 62.
Rxh7+ Kd8 63. Rg7 Rb1 64. g6 Rd1 65. Rf7 Ke8 66. Rf3 Rc1 67. Rf5 Rg1 68. Ka7 Ra1+ 69.
Kb6 Rb1+ 70. Rb5 1-0

[Event "Early-Titled-Tuesday-Blitz-October-10-2023"]
[Site "Chess.com"]
[Date "2023.10.10"]
[Round "7"]
[White "MikaelyanArman"]
[Black "artooon"]
[Result "1-0"]
[WhiteElo "2843"]
[BlackElo "2990"]
[TimeControl "180+1"]
[EndTime "9:17:06 PDT"]
[Termination "MikaelyanArman won by checkmate"]

1. d4 b6 2. e4 Bb7 3. Bd3 e6 4. Nf3 h5 5. c3 Nf6 6. Bg5 Be7 7. Nbd2 d5 8. exd5 Nxd5 9. Bxe7 Qxe7 10. O-O Nd7 11. Re1 O-O-O 12. Qa4 Kb8 13. Ba6 h4 14. Bxb7 Kxb7 15. c4 Nf4 16. d5 Rh6 17. c5 Nxc5 18.
Qxf4 Rxd5 19. Qc4 h3 20. g3 Rf6 21. Re5 Rd8 22. b4 Nd3 23. Re4 Nxf2 24. Rd4 e5 25. Rxd8 Qxd8 26. Rc1 e4 27. Nxe4 Rxf3 28. Nxf2 Kb8 29.
Qe2 Qd5 30. Qe8+ Kb7 31. Qe4 Qxe4 32. Nxe4 f6 33. Rc3 Rf5 34. Nf2 Rd5 35. Rc2 Rd4 36. Rb2 Ka6 37. a4 b5 38. a5 Rc4 39. Nxh3 c5 40.
bxc5 Rxc5 41. Nf4 Kxa5 42. Kf2 b4 43. Ke3 Kb5 44. Nd3 Rc4 45. Rf2 a5 46. Rf5+ Kb6 47. Nb2 Rc2 48. Na4+ Ka6 49. h4 Ra2 50. Nc5+ Kb5 51.
Nb3+ Kb6 52. Nd4 Ra3+ 53. Ke4 Rxg3 54. Rb5+ Ka6 55. Rb8 Rc3 56. Kd5 Rc7 57. Nc6 Rb7 58.
Ra8+ Kb6 59. Nxa5 Rc7 60. Nc4+ Kb7 61. Ra4 Rd7+ 62. Kc5 g5 63. h5 Rh7 64. Nd6+ Kb8 65.
Rxb4+ Ka8 66. Ra4+ Kb8 67. Rb4+ Ka8 68. Kc6 Rxh5 69.
Ra4+ Kb8 70. Rb4+ Ka8 71. Kc7 Rh7+ 72. Kc6 Rh1 73. Nb5 Kb8 74. Kb6 Kc8 75. Rd4 Rc1 76. Na7+ Kb8 77. Rd8+ Rc8 78. Rxc8# 1-0

[Event "Early-Titled-Tuesday-Blitz-October-10-2023"]
[Site "Chess.com"]
[Date "2023.10.10"]
[Round "7"]
[White "santosalberto1987"]
[Black "invisible_s0ul"]
[Result "0-1"]
[WhiteElo "2460"]
[BlackElo "2313"]
[TimeControl "180+1"]
[EndTime "9:17:08 PDT"]
[Termination "invisible_s0ul won by resignation"]

1. e4 b6 2. d4 Bb7 3. Bd3 g6 4. Nf3 Bg7 5. h4 h5 6. Qe2 d6 7. Nc3 c5 8. Be3 cxd4 9. Nxd4 Nf6 10. f3 Nbd7 11. O-O-O a6 12. Bc4 b5 13. Bb3 Rc8 14.
Kb1 Nb6 15. e5 Nfd5 16. Nxd5 Bxd5 17. exd6 Qxd6 18. Nxb5 Qe5 19. Nd4 Bc4 20. Qd2 Rd8 21.
Rhe1 O-O 22. Qb4 Nd5 23. Qxc4 Nxe3 24. Qd3 Rxd4 25. Qxd4 Qxd4 26. Rxd4 Bxd4 27. c3 Bb6 28. Re2 Rd8 29. a4 e6 30. Ka2 Nf5 31. Bc4 Nxh4 32. Bxa6 Ra8 33. Bb5 Nf5 34. b4 Nd6 35. Bc6 Rc8 36.
b5 Ba5 37. Kb3 Kf8 38. c4 Ke7 39. c5 Nf5 40. Kc4 Kf6 41. Be4 Ne7 42. c6 Bb6 43.
Ra2 Ra8 44. c7 Rc8 45. a5 Bxc7 46. Kb3 Rb8 47. b6 Bxb6 48. axb6 Rxb6+ 49. Kc4 Rd6 50.
Ra7 Nd5 51. Ra2 Ne3+ 52. Kc3 Nd5+ 53. Kb3 Nf4 54. Rf2 Nd5 55. Bb1 Rb6+ 56. Kc2 Nb4+ 57. Kc1 Nd5 58. Be4 Kg5 59. Rd2 Rd6 60. Ra2 Kf4 61.
Bxd5 Rxd5 62. Ra7 Rf5 63. Kd2 Kg3 64. Ke3 Kxg2 65. f4 Kg3 66. Ra3 h4 67. Ke4+ Kg4 68.
Rf3 g5 69. Rf1 Rxf4+ 70. Rxf4+ gxf4 0-1

[Event "Early-Titled-Tuesday-Blitz-October-10-2023"]
[Site "Chess.com"]
[Date "2023.10.10"]
[Round "7"]
[White "MITerryble"]
[Black "Alexander_Donchenko"]
[Result "1/2-1/2"]
[WhiteElo "3014"]
[BlackElo "2846"]
[TimeControl "180+1"]
[EndTime "9:17:12 PDT"]
[Termination "Game drawn by repetition"]

1. d4 Nf6 2. Nf3 d5 3. c4 e6 4. Nc3 Bb4 5. Qa4+ Nc6 6. e3 O-O 7. Bd2 dxc4 8. Bxc4 Bd6 9. O-O e5 10. d5 Ne7 11. e4 Ng6 12. g3 Bg4 13. Be2 a6 14. Kg2 Qc8 15. Ng1 h6 16. f3 Bd7 17.
Qc2 c6 18. dxc6 Qxc6 19. Rac1 Rac8 20. Rfd1 Be6 21. Qb1 Qb6 22. Na4 Rxc1 23. Qxc1 Qc7 24. Qxc7 Bxc7 25. Nc5 Bc8 26. Bc3 Rd8 27. Rxd8+ Bxd8 28. Nh3 Nd7 29. Nb3 Bb6 30. Nf2 Nc5 31. Nxc5 Bxc5 32.
Nd3 Bd6 33. Nb4 Ne7 34. Bc4 Kf8 35. a4 f6 36. Kf2 Bc5+ 37. Ke2 Ke8 38. Nd3 Bd6 39.
f4 Nc6 40. Ke3 Ke7 41. Bd5 Bd7 42. a5 exf4+ 43. gxf4 g5 44. fxg5 hxg5 45. Bxc6 Bxc6 46. e5 fxe5 47. Bxe5 Bb5 48. Bxd6+ Kxd6 49. Nf2 Ke5 50. Ne4 g4 51. Nf2 Bd7 52. Nd3+ Kd5 53. Kf4 Be6 54. Ne5 Kc5 55. Nxg4 Kb5 56. Ne5 Kxa5 57. h4 Kb4 58.
h5 Bg8 59. Kg5 Kb3 60. Kf6 Kxb2 61. Kg7 Bb3 62. h6 Bc2 63. Ng6 a5 64. h7 a4 65.
h8=Q a3 66. Kh6+ Kb1 67. Qc3 a2 68. Qb4+ Kc1 69. Qa3+ Kb1 70. Qb4+ Kc1 71. Qe1+ Kb2 72. Qe5+ Kb1 73. Qb5+ Kc1 74. Nf4 a1=Q 75. Qf1+ Kb2 76. Qb5+ Ka2 77. Qa5+ Kb2 78. Qb4+ Ka2 79. Qa5+ Kb1 80.
Qe1+ Kb2 81. Qb4+ Ka2 82. Qa5+ 1/2-1/2